 Dungeon Crawl Stone Soup version 0.18.1-8-gdd0e5ea (webtiles) character file.

41 M4edhros the Sneak (level 3, -2/23 HPs)
             Began as an Octopode Artificer on June 7, 2016.
             Slain by a giant newt (3 damage)
             ... on level 3 of the Dungeon.
             The game lasted 00:01:02 (868 turns).

M4edhros the Sneak (Octopode Artificer)              Turns: 868, Time: 00:01:04

Health: -2/23      AC:  1    Str: 14 (15) XL:     3   Next: 52%
Magic:  5/5        EV: 12    Int: 13 (14) God:
Gold:   45         SH:  0    Dex: 10 (13) Spells: 0 memorised, 2 levels left

rFire  . . .     SeeInvis .     a - +0 short sword
rCold  . . .     Gourm    .     (no shield)
rNeg   . . .     Faith    .     (helmet restricted)
rPois  .         Spirit   .     (no amulet)
rElec  .         Dismiss  .     l - ring of teleportation (curse)
rCorr  .         Reflect  .     (no ring)
SustAt .         Harm     .     (no ring)
MR     .....     Rnd*Tele +     (no ring)
Stlth  ++++......               (no ring)
                                (no ring)
                                (no ring)
                                (no ring)

@: mighty, lethally poisoned (-2 -> -15), hasted, very quick, not resistant to
hostile enchantments, stealthy
A: almost no armour, amphibious, 8 rings, constrict 8, camouflage 1, gelatinous
body 1
a: no special abilities


You were on level 3 of the Dungeon.
You were not hungry.

You visited 1 branch of the dungeon, and saw 3 of its levels.

You collected 45 gold pieces.

Inventory:

Hand Weapons
 a - a +0 short sword (weapon)
 j - a +0 hunting sling
Jewellery
 l - a cursed ring of teleportation (left tentacle)
Wands
 b - a wand of flame (13/48)
 c - a wand of enslavement (11/24)
 d - a wand of random effects (15/48)
Scrolls
 g - 2 scrolls of remove curse {unknown}
 i - 2 scrolls of identify {unknown}
 k - 2 scrolls of magic mapping {unknown}
Comestibles
 f - 3 bread rations
 n - a meat ration


   Skills:
 - Level 1.0 Fighting
 - Level 1.0 Short Blades
 - Level 2.0 Dodging
 + Level 4.8 Stealth
 - Level 3.2 Evocations


You had 2 spell levels left.
You didn't know any spells.

Dungeon Overview and Level Annotations

Branches:
Dungeon (3/15)

Altars:
The Shining One


Innate Abilities, Weirdness & Mutations

You cannot wear most types of armour.
You are amphibious.
You can wear up to eight rings at the same time.
You can use your tentacles to constrict eight enemies at once.
Your skin changes colour to match your surroundings (Stealth).
Your rubbery body absorbs attacks (AC +1).


Message History

You feel sick.
Drink which item? (? for menu, Esc to quit)
It was a potion of degeneration.
There was something very wrong with that liquid.
You feel weakened.
You feel dopey.
You feel clumsy.
* * * LOW HITPOINT WARNING * * *
You feel sick. The giant newt bites you.
* * * LOW HITPOINT WARNING * * *
Drink which item? (? for menu, Esc to quit)
It was a potion of might.
You feel very mighty all of a sudden.
* * * LOW HITPOINT WARNING * * *
You feel sick. The giant newt closely misses you.
Drink which item? (? for menu, Esc to quit)
It was a potion of haste.
You feel yourself speed up.
* * * LOW HITPOINT WARNING * * *
You feel sick.
The goblin shouts!
The giant newt bites you.
You die...

#......##..........##.#..
#......##...............$
#########................
#.................
#...).............
#.................
#.#######.##...... #.#
#...!.# ......
######@###)##### .....
#......l....# .....
#........#### ....
#.......g# ....
#..Z.....# #........#
#........# #.....>..#
........#


You could see a goblin, a giant newt and a giant frog skeleton (wandering).

Vanquished Creatures
  2 adders (D:3)
  An ooze (D:2)
  A dart slug (D:1)
  A giant gecko (D:3)
  3 bats
  2 goblins
  3 hobgoblins
  5 kobolds
  2 giant newts
  2 rats
22 creatures vanquished.

Vanquished Creatures (collateral kills)
  A worm (D:3)
1 creature vanquished.

Grand Total: 23 creatures vanquished

Notes
Turn   | Place    | Note
--------------------------------------------------------------
     0 | D:1      | M4edhros the Octopode Artificer began the quest for the Orb.
     0 | D:1      | Reached XP level 1. HP: 13/13 MP: 3/3
    30 | D:1      | Reached skill level 2 in Stealth
    45 | D:1      | Reached skill level 3 in Stealth
    45 | D:1      | Reached XP level 2. HP: 3/18 MP: 4/4
   563 | D:2      | Found a glowing golden altar of the Shining One.
   589 | D:2      | Reached skill level 4 in Stealth
   651 | D:3      | Reached XP level 3. HP: 11/23 MP: 5/5
   868 | D:3      | HP: 1/23 [poisoned by an adder]
   868 | D:3      | Slain by a giant newt

Skill      XL: |  1  2 |
---------------+-------+-----
Stealth        | 3 4 |  4.8
Fighting       | |  1.0
Short Blades   | |  1.0
Dodging        | |  2.0
Evocations     | |  3.2

Action                   || total
-------------------------++-------
Melee: Short sword       ||    40
       Constrict         ||    11
       Tentacles         ||     8
Evoke: Wand              ||     6
  Use: Potion            ||     3
 Stab: Sleeping          ||     9
       Distracted        ||     1
Armor: Skin              ||     7
Dodge: Dodged            ||    12
